 Dungeon Crawl Stone Soup version 0.17.0-9-g801d43b (webtiles) character file.

355189 Alg the Black Belt (level 22, -13/116 HPs)
             Began as a Vine Stalker Monk on Nov 8, 2015.
             Was the Champion of Cheibriados.
             Mangled by an ancient champion
             ... wielding a +1 great mace
              (34 damage)
             ... on level 4 of the Vaults on Nov 9, 2015.
             The game lasted 03:07:50 (40731 turns).

Alg the Black Belt (Vine Stalker Monk)             Turns: 40731, Time: 03:07:51

Health: -13/116    AC: 12    Str: 40    XL:     22   Next: 31%
Magic:  0/33       EV: 33    Int: 25    God:    Cheibriados [******]
Gold:   2273       SH:  0    Dex: 39    Spells: 7 memorised, 5 levels left

rFire  + . .     SeeInvis .       - Unarmed
rCold  + . .     Clarity  .     U - +2 robe {rF+}
rNeg   . . .     SustAt   .     (no shield)
rPois  +         Gourm    .     F - +1 helmet
rElec  .         Spirit   +     S - +2 cloak
rCorr  .         Warding  .     t - +2 pair of gloves {Str+3}
rMut   .         Stasis   .     (no boots)
MR     +++..                    X - amulet "Riucodav" {rPois Regen+ Str+3}
Stlth  +++++.....               y - ring of protection from magic
                                G - ring of protection from cold

@: repel missiles, very slow, extremely resistant to hostile enchantments, quite
stealthy
A: fangs 3, regeneration 3, strong 1, wild magic 1, magic shield, antimagic
bite, no device heal 3, rot immunity
a: Bend Time, Temporal Distortion, Slouch, Step From Time, Renounce Religion
}: 2/15 runes: decaying, serpentine


You were on level 4 of the Vaults.
You worshipped Cheibriados.
Cheibriados was exalted by your worship.
You were hungry.

You visited 8 branches of the dungeon, and saw 41 of its levels.
You also visited: Labyrinth.

You collected 5168 gold pieces.
You spent 2895 gold pieces at shops.

Inventory:

Hand Weapons
 i - a +7 longbow of flaming
Missiles
 s - 826 arrows
 E - 65 poisoned arrows
 Q - 35 arrows of dispersal
Armour
 o - a +2 chain mail of cold resistance
 t - a +2 pair of gloves of strength (worn)
 z - a +2 robe of cold resistance
 F - a +1 helmet (worn)
 S - a +2 cloak (worn)
 U - a +2 robe of fire resistance (worn)
Jewellery
 f - an uncursed amulet of resist mutation
 l - an uncursed ring of positive energy
 v - an uncursed amulet of resist corrosion
 y - a ring of protection from magic (right hand)
 A - an uncursed ring of protection from fire
 G - a ring of protection from cold (left hand)
 H - an uncursed ring of sustain attributes
 X - the amulet "Riucodav" (around neck) {rPois Regen+ Str+3}
   (You found it on level 4 of the Lair of Beasts)

   [amulet of regeneration]

   It affects your strength (+3).
   It protects you from poison.
   It increases your rate of regeneration.
Wands
 r - a wand of draining (9)
 u - a wand of disintegration (5)
 x - a wand of draining (5)
 P - a wand of fire (10)
 Y - a wand of fireball (4)
Scrolls
 a - a scroll of enchant armour
 d - 3 scrolls of enchant weapon
 j - 2 scrolls of fear
 m - 18 scrolls of remove curse
 n - a scroll of holy word
 q - 3 scrolls of recharging
 w - 6 scrolls of identify
 D - 2 scrolls of amnesia
 K - 4 scrolls of fog
 O - 9 scrolls of teleportation
 Z - a scroll of magic mapping
Potions
 e - a potion of cure mutation
 g - 8 potions of lignification
 k - 8 potions of might
 p - 7 potions of curing
 C - 6 potions of agility
 J - 3 potions of cancellation
 M - 2 potions of flight
 N - 7 potions of brilliance
 R - 3 potions of resistance
Books
 V - a book of the Warp

   Spells                             Type                      Level
   a - Recall                         Summoning/Translocation      3
   b - Gell's Gravitas                Hexes/Translocation          3
   c - Force Lance                    Conjuration/Translocation    4
   d - Phase Shift                    Translocation                5
   e - Warp Weapon                    Charms/Translocation         5
   f - Summon Forest                  Summoning/Translocation      5
Comestibles
 b - 17 bread rations
 c - 3 fruits
 h - 8 beef jerkies
 L - 3 royal jellies
 W - a meat ration


   Skills:
 + Level 12.4 Fighting
 + Level 14.5 Bows
 + Level 2.2 Armour
 * Level 14.3 Dodging
 - Level 8.4 Stealth
 * Level 18.5 Unarmed Combat
 - Level 2.3 Spellcasting
 - Level 6.2 Hexes
 * Level 11.1 Charms
 - Level 6.5 Necromancy
 - Level 6.3 Translocations
 * Level 8.2 Air Magic
 - Level 6.4 Earth Magic
 - Level 14.0 Invocations
 - Level 6.0 Evocations


You had 5 spell levels left.
You knew the following spells:

 Your Spells              Type           Power        Failure   Level  Hunger
a - Infusion              Chrm           ######       1%          1    None
b - Regeneration          Chrm/Necr      ######....   3%          3    ###....
c - Stoneskin             Trmt/Erth      ####....     13%         2    ##.....
d - Blink                 Tloc           N/A          4%          2    ##.....
e - Repel Missiles        Chrm/Air       ######       2%          2    ##.....
f - Leda's Liquefaction   Hex/Erth       ######....   22%         4    ####...
g - Deflect Missiles      Chrm/Air       ######....   50%         6    #######


Dungeon Overview and Level Annotations

Branches:
Dungeon (15/15)            Temple (1/1) D:6            Lair (8/8) D:10
  Swamp (4/4) Lair:6        Snake (4/4) Lair:5        Slime (0/6) Lair:7
    Orc (4/4) D:9             Elf (0/3) Orc:3        Vaults (4/5) D:13
  Crypt (1/3) Vaults:3     Depths (0/5) D:15

Altars:
Ashenzari
Cheibriados
Dithmenos
Elyvilon
Fedhas
Kikubaaqudgha
Makhleb
Nemelex Xobeh
Okawaru
Sif Muna
Trog
Vehumet
Xom
Zin
Beogh
Jiyva

Shops:
Orc:4 }:%*   Snake:2 !   Vaults:1 }!

Annotations:
Lair:8 exclusion: oklob plant
Vaults:4 Agnes, Sojobo


Innate Abilities, Weirdness & Mutations

You have razor-sharp teeth.
You regenerate.
When hurt, damage is shared between your health and your magic reserves.
Your bite disrupts and absorbs the magic of your enemies.
Potions and wands cannot restore your health.
You are immune to rotting.
Your muscles are strong. (Str +2)
Your spells are a little harder to cast, but a little more powerful.


Message History

You can feel time thicken for a moment.
You feel somewhat more hungry.
The ancient champion is no longer moving slowly.
The ancient champion hits you with an enchanted great mace!!
* * * LOW HITPOINT WARNING * * *
The hell knight gestures wildly while chanting.
The hell knight seems to speed up.
Unknown command.
Unknown command.
Read which item? (? for menu, Esc to quit)
As you read the scroll of fear, it crumbles to dust.
You assume a fearsome visage.
Sojobo looks frightened!
The hell knight looks frightened!
The ancient champion is unaffected.
The ancient champion misses you.
Unknown command.
Unknown command.
You hit the ancient champion but do no damage.
You bite the ancient champion, but do no damage.
The ancient champion is heavily damaged.
The ancient champion hits you with an enchanted great mace!!!
You die...

...[#....###...### #......#
#####....# #...# #......#
#....# ###)######## #....#
#.)......# #....# #........#
#....# #........# #....#
#..../...# #....# #.....>..#
#####....# #..@.(Q.(#
....#....# #"..z...('p.
....#....# ##########..#
....#....############# .#
....#....#...........# #
..>.'....#...........#
....#....#..#)#'#)#..#
#####....'..#.#.#.#..#
#....#..#######..############


You could see Sojobo (fleeing), an ancient champion and a hell knight (fleeing).

Vanquished Creatures
  An ancient lich (Vaults:1)
  Boris (Vaults:3)
  Jory (Vaults:4)
  A bone dragon (Swamp:4)
  A titan (Vaults:4)
  2 thorn hunters
  An ancient champion (Vaults:4)
  Frances (Vaults:4)
  Kirke (Swamp:3)
  12 greater nagas
  Roxanne (Swamp:4)
  Wiglaf (Vaults:3)
  A tengu reaver (Vaults:4)
  A frost giant (Vaults:2)
  9 vault wardens
  2 fire giants
  5 very ugly things
  8 ironheart preservers
  5 stone giants
  3 salamander stormcallers
  2 deep elf annihilators
  A deep elf death mage (Vaults:4)
  20 vault guards
  5 ettins
  A minotaur (Lab)
  Snorg (D:13)
  5 yaktaur captains
  3 fire dragons
  A great orb of eyes (Vaults:3)
  11 ogre magi
  3 rakshasas
  An ice dragon (Vaults:4)
  31 naga warriors
  An entropy weaver (Vaults:4)
  The ghost of Borgoz the Covert, a journeyman VSAs of Makhleb (Orc:3)
  5 ghost crabs
  12 centaur warriors
  A ghost crab (shapeshifter) (Vaults:3)
  16 hydras
  11 anacondas
  6 alligators
  11 death yaks
  A tengu warrior (D:13)
  A deep troll shaman (Vaults:3)
  28 naga sharpshooters
  Urug (D:13)
  3 orc high priests (Orc:4)
  A fire crab (Vaults:3)
  Sonja (D:13)
  7 shock serpents
  Nergalle (Lair:4)
  2 deep elf knights
  The ghost of puimuR the Cleaver, a novice DDWn of Makhleb (D:9)
  3 salamander mystics
  A shadow wraith (Vaults:1)
  12 naga ritualists
  A death drake (Swamp:4)
  A wizard (Vaults:1)
  9 skeletal warriors
  A sea snake (Snake:2)
  A sea snake (shapeshifter) (D:13)
  3 unseen horrors
  3 harpies (Vaults:2)
  A spriggan druid (Swamp:4)
  3 shambling mangroves
  A swamp dragon (Swamp:4)
  A harpy (shapeshifter) (D:14)
  5 deep trolls
  11 hill giants
  10 hornets
  6 orc knights
  A necromancer (Vaults:2)
  An oklob plant (Lair:8)
  A salamander (shapeshifter) (Vaults:4)
  12 ironbrand convokers
  6 cyclopes
  A deep elf conjurer (D:14)
  3 orc sorcerers (Orc:4)
  9 mana vipers
  2 flayed ghosts (Vaults:4)
  5 wolf spiders
  A tengu skeleton (Vaults:3)
  3 manticores
  3 griffons
  28 ugly things
  A stone giant zombie (Vaults:2)
  9 salamanders
  A stone giant skeleton (Vaults:3)
  54 black mambas
  13 guardian serpents
  Maurice (D:8)
  A frost giant skeleton (Vaults:3)
  3 centaur zombies
  7 elephants
  Psyche (D:12)
  30 naga magi
  4 swamp worm zombies (Swamp:4)
  9 kobold demonologists
  A salamander skeleton (Vaults:3)
  22 spiny frogs
  12 vault sentinels
  18 komodo dragons
  A yaktaur (shapeshifter) (D:14)
  7 human skeletons
  A yaktaur skeleton (Vaults:3)
  21 yaktaurs
  3 hydra zombies (Swamp:4)
  5 freezing wraiths
  10 trolls
  6 fire drakes
  4 deep elf priests
  A polar bear (shapeshifter) (Vaults:4)
  3 polar bears
  12 giant leeches
  A jumping spider (Vaults:2)
  Grinder (D:6)
  21 two-headed ogres
  A blink frog (shapeshifter) (D:13)
  4 alligator zombies (Swamp:4)
  10 bog bodies
  36 slime creatures
  5 spectral swamp dragons (Swamp:4)
  21 blink frogs
  7 boulder beetles
  6 redbacks
  A spriggan (shapeshifter) (Vaults:2)
  4 shadows
  A centaur simulacrum (D:14)
  3 ettin skeletons
  A wraith (D:14)
  19 spriggans
  7 deep elf magi
  A golden eye (shapeshifter) (Vaults:3)
  4 hogs (Swamp:3)
  5 water elementals (D:13)
  A hungry ghost (D:12)
  3 wyverns
  9 hippogriffs
  25 yaks
  A basilisk (shapeshifter) (Vaults:4)
  Grum (D:8)
  10 deep elf fighters
  2 steam dragons (Lair:8)
  4 basilisks
  71 nagas
  A human simulacrum (Vaults:1)
  41 vampire mosquitoes
  A harpy simulacrum (D:14)
  4 mottled dragons
  A soldier ant (shapeshifter) (Vaults:2)
  A soldier ant (D:14)
  26 orc warriors
  3 wargs
  29 wolves
  25 swamp worms
  25 insubstantial wisps
  8 porcupines
  An ettin simulacrum (Vaults:1)
  11 swamp drakes
  29 wasps
  6 ice beasts
  A spider (shapeshifter) (Vaults:4)
  2 spiders (Lair:8)
  A black bear (D:10)
  4 swamp dragon zombies (Swamp:4)
  31 water moccasins
  8 phantoms
  A necrophage (D:12)
  45 ogres
  2 sky beasts
  19 centaurs
  6 big kobolds
  A human zombie (Vaults:2)
  12 giant frogs
  A brain worm (D:14)
  17 crocodiles
  An ogre simulacrum (Vaults:1)
  A wyvern skeleton (D:7)
  3 scorpions
  A glowing shapeshifter simulacrum (Vaults:1)
  37 killer bees
  A water moccasin skeleton (D:6)
  14 wights
  7 electric eels
  5 crimson imps
  9 hounds
  3 jellies
  A wasp zombie (D:11)
  36 orc priests
  A giant frog zombie (D:13)
  3 giant frog skeletons
  3 centaur skeletons
  20 iguanas
  34 orc wizards
  A spectral swamp drake (Swamp:4)
  15 worker ants
  7 sheep
  2 hound skeletons
  2 worker ant zombies
  60 river rats
  14 adders
  8 gnolls (D:8)
  2 swamp drake zombies (Swamp:4)
  2 shadow imps
  2 giant eyeballs (D:14)
  2 oozes (D:6)
  2 adder skeletons
  3 worms
  4 giant geckos
  195 orcs
  8 ball pythons
  4 giant cockroaches
  9 hobgoblins
  13 jackals
  27 kobolds
  4 quokkas
  12 bats
  A giant cockroach zombie (D:6)
  2 giant gecko skeletons
  3 giant newts
  4 goblins
  A jackal skeleton (D:4)
  7 rats
  2 plants (Lair:8)
1911 creatures vanquished.

Vanquished Creatures (others)
  An unseen horror (D:14)
  A human (Swamp:3)
  A deep elf fighter (D:14)
  A naga (Snake:4)
  A phantom (Swamp:4)
  A wasp (Swamp:4)
  An ogre (Vaults:4)
  2 bushes (Lair:8)
  52 fungi
  49 plants
110 creatures vanquished.

Grand Total: 2021 creatures vanquished

Notes
Turn   | Place    | Note
--------------------------------------------------------------
     0 | D:1      | Alg the Vine Stalker Monk began the quest for the Orb.
     0 | D:1      | Reached XP level 1. HP: 11/11 MP: 2/2
   243 | D:1      | Reached XP level 2. HP: 14/16 MP: 3/3
   714 | D:2      | Reached XP level 3. HP: 19/19 MP: 4/4
   735 | D:2      | Reached skill level 5 in Unarmed Combat
  1022 | D:2      | Reached XP level 4. HP: 23/23 MP: 5/5
  1164 | D:2      | Found a sparkling altar of Nemelex Xobeh.
  1561 | D:3      | Found a faded altar to an unknown god.
  1628 | D:3      | Reached skill level 6 in Unarmed Combat
  1839 | D:3      | Reached XP level 5. HP: 27/27 MP: 6/6
  2036 | D:3      | Found a shattered altar of Ashenzari.
  2076 | D:3      | Found a glowing silver altar of Zin.
  2076 | D:3      | Found a white marble altar of Elyvilon.
  2092 | D:3      | Learned a level 1 spell: Infusion
  2187 | D:3      | Found a shadowy altar of Dithmenos.
  2330 | D:4      | Reached skill level 7 in Unarmed Combat
  2330 | D:4      | Gained mutation: You heal very quickly. [Vine Stalker growth]
  2330 | D:4      | Reached XP level 6. HP: 26/32 MP: 7/7
  2477 | D:3      | Found an iron altar of Okawaru.
  2628 | D:4      | Found a bloodstained altar of Trog.
  2961 | D:5      | Entered Level 5 of the Dungeon
  2990 | D:4      | Reached skill level 8 in Unarmed Combat
  3053 | D:5      | Reached XP level 7. HP: 33/35 MP: 8/8
  3446 | D:5      | Gained mutation: You have razor-sharp teeth. [Vine Stalker growth]
  3446 | D:5      | Reached XP level 8. HP: 17/40 MP: 8/9
  3598 | D:5      | Reached skill level 9 in Unarmed Combat
  3809 | D:6      | Noticed Grinder
  3811 | D:6      | Found a snail-covered altar of Cheibriados.
  3827 | D:6      | Killed Grinder
  3835 | D:6      | Became a worshipper of Cheibriados the Contemplative
  3835 | D:6      | Reached * piety under Cheibriados
  3835 | D:6      | Reached ** piety under Cheibriados
  3932 | D:6      | Found a staircase to the Ecumenical Temple.
  3955 | D:6      | Reached skill level 5 in Stealth
  3955 | D:6      | Reached skill level 1 in Invocations
  3999 | Temple   | Entered the Ecumenical Temple
  4185 | D:6      | Reached XP level 9. HP: 45/45 MP: 11/11
  4627 | D:7      | Found a radiant altar of Vehumet.
  4727 | D:7      | Reached *** piety under Cheibriados
  4791 | D:7      | Reached skill level 10 in Unarmed Combat
  5603 | D:8      | Noticed Grum
  5657 | D:7      | Reached skill level 5 in Dodging
  5672 | D:8      | Killed Grum
  5705 | D:8      | Found a shimmering altar of Xom.
  5778 | D:8      | Found a deep blue altar of Sif Muna.
  5861 | D:8      | Reached skill level 5 in Fighting
  5861 | D:8      | Reached XP level 10. HP: 49/51 MP: 14/14
  6229 | D:8      | Noticed Maurice
  6243 | D:8      | Killed Maurice
  6243 | D:8      | Reached skill level 5 in Invocations
  6603 | D:9      | Reached **** piety under Cheibriados
  6834 | D:9      | Noticed puimuR's ghost (novice DDWn)
  6856 | D:9      | Killed puimuR's ghost
  6965 | D:9      | Found a blossoming altar of Fedhas.
  6968 | D:9      | Found an ancient bone altar of Kikubaaqudgha.
  7070 | D:9      | Reached skill level 11 in Unarmed Combat
  7142 | D:9      | Found a staircase to the Orcish Mines.
  7532 | D:9      | Reached ***** piety under Cheibriados
  7685 | D:10     | Entered Level 10 of the Dungeon
  7698 | D:10     | Noticed a hill giant
  7709 | D:10     | Killed a hill giant
  7709 | D:10     | Reached XP level 11. HP: 40/56 MP: 16/16
  7750 | D:10     | Found a staircase to the Lair.
  7750 | D:10     | Noticed a death yak
  7751 | D:10     | Noticed an elephant
  7817 | D:9      | Learned a level 3 spell: Regeneration
  7941 | D:10     | Killed an elephant
  7970 | D:10     | Killed an unseen horror
  8003 | Lair:1   | Entered Level 1 of the Lair of Beasts
  8270 | Lair:1   | Noticed a five-headed hydra
  8284 | Lair:1   | Killed a five-headed hydra
  9262 | Lair:2   | Reached skill level 1 in Charms
  9268 | Lair:2   | Reached skill level 12 in Unarmed Combat
  9781 | Lair:2   | Gained mutation: You regenerate. [Vine Stalker growth]
  9781 | Lair:2   | Reached XP level 12. HP: 62/62 MP: 19/19
  9965 | Lair:3   | Reached skill level 1 in Bows
 10187 | Lair:3   | Noticed an eight-headed hydra
 10214 | Lair:3   | Killed an eight-headed hydra
 10617 | Lair:4   | Reached ****** piety under Cheibriados
 10643 | Lair:4   | Noticed a five-headed hydra
 10693 | Lair:4   | Got a shimmering sapphire amulet
 10694 | Lair:4   | Identified the amulet "Riucodav" {rPois Regen+ Str+3} (You found it on level 4 of the Lair of Beasts)
 10779 | Lair:4   | Noticed Nergalle
 10820 | Lair:3   | Learned a level 2 spell: Stoneskin
 10900 | Lair:4   | Found a labyrinth entrance.
 10922 | Lab      | Entered a labyrinth
 11433 | Lab      | Noticed a minotaur
 11439 | Lab      | Killed a minotaur
 11470 | Lab      | Identified the Guide on the Traveller (You found it in a labyrinth)
 11476 | Lab      | Learned a level 2 spell: Blink
 11717 | Lair:4   | Killed Nergalle
 11717 | Lair:4   | Reached skill level 1 in Necromancy
 12017 | Lair:4   | Reached skill level 1 in Translocations
 12247 | Lair:4   | Reached XP level 13. HP: 54/67 MP: 20/20
 12260 | Lair:5   | Noticed a four-headed hydra
 12272 | Lair:4   | Reached skill level 13 in Unarmed Combat
 12282 | Lair:5   | Found a staircase to the Snake Pit.
 12484 | Lair:5   | Killed a four-headed hydra
 13515 | Lair:6   | Found a staircase to the Swamp.
 13787 | Lair:7   | Reached skill level 10 in Invocations
 13972 | Lair:7   | Found a viscous altar of Jiyva.
 13976 | Lair:7   | Found a staircase to the Slime Pits.
 14232 | Lair:7   | Reached skill level 5 in Charms
 14320 | Lair:7   | Reached skill level 5 in Bows
 14320 | Lair:7   | Reached XP level 14. HP: 60/73 MP: 22/22
 14768 | Lair:8   | Entered Level 8 of the Lair of Beasts
 15061 | Lair:8   | Reached skill level 10 in Dodging
 15217 | Lair:8   | Reached skill level 14 in Unarmed Combat
 15874 | Lair:8   | Found a shimmering altar of Xom.
 16364 | Lair:8   | Reached XP level 15. HP: 78/78 MP: 24/24
 16604 | Lair:1   | Identified a -2 rod of inaccuracy (9/9) (You took it off a minotaur in a labyrinth)
 16634 | D:10     | Killed a death yak
 17247 | Orc:1    | Entered Level 1 of the Orcish Mines
 17752 | Orc:2    | Reached skill level 5 in Translocations
 18213 | Orc:3    | Found a staircase to the Elven Halls.
 18305 | Orc:3    | Found a roughly hewn altar of Beogh.
 18332 | Orc:3    | Reached skill level 1 in Evocations
 18716 | Orc:3    | Noticed Borgoz's ghost (journeyman VSAs)
 18723 | Orc:3    | Killed Borgoz's ghost
 19185 | Orc:4    | Entered Level 4 of the Orcish Mines
 19470 | Orc:4    | Found a burning altar of Makhleb.
 19871 | Orc:4    | Reached skill level 5 in Necromancy
 20021 | Orc:4    | Found Cig Evah's Assorted Antiques.
 20021 | Orc:4    | Found Kuschowk's Gadget Emporium.
 20023 | Orc:4    | Found Gontoihy's Food Shop.
 20023 | Orc:4    | Found Coti's Book Emporium.
 20410 | Lair:4   | Killed a five-headed hydra
 21265 | D:12     | Noticed Psyche
 21272 | D:12     | Killed Psyche
 21733 | D:13     | Noticed Sonja
 21746 | D:13     | Killed Sonja
 21749 | D:13     | Noticed Snorg
 21755 | D:13     | Killed Snorg
 21772 | D:13     | Noticed Urug
 21788 | D:13     | Killed Urug
 21855 | D:13     | Reached XP level 16. HP: 66/84 MP: 23/25
 22120 | D:13     | Found a gate to the Vaults.
 22323 | D:13     | Found a bloodstained altar of Trog.
 22433 | D:13     | Reached skill level 15 in Unarmed Combat
 23096 | D:14     | Paralysed by a giant eyeball for 2 turns
 23098 | D:14     | Paralysed by a giant eyeball for 2 turns
 23100 | D:14     | Paralysed by a giant eyeball for 2 turns
 23865 | D:15     | Entered Level 15 of the Dungeon
 23874 | D:15     | Found a staircase to the Depths.
 23884 | D:15     | HP: 1/84 [ettin/dire flail (27)]
 23896 | D:15     | Gained mutation: Your muscles are strong. (Str +2) [potion of beneficial mutation]
 24250 | Snake:1  | Entered Level 1 of the Snake Pit
 24534 | Snake:1  | Reached XP level 17. HP: 36/88 MP: 27/27
 24788 | Orc:4    | Bought the Guide on Flight for 1225 gold pieces
 24788 | Orc:4    | Bought a book of the Earth for 1040 gold pieces
 24791 | Orc:4    | Learned a level 2 spell: Repel Missiles
 24796 | Orc:4    | Learned a level 4 spell: Leda's Liquefaction
 25181 | Snake:1  | Reached skill level 1 in Earth Magic
 25513 | Snake:1  | Reached skill level 10 in Bows
 25941 | Snake:2  | Reached skill level 10 in Fighting
 25968 | Snake:2  | Found Emnuewk's Distillery.
 25999 | Snake:2  | Bought a potion of beneficial mutation for 490 gold pieces
 25999 | Snake:2  | Bought a potion of resistance for 140 gold pieces
 25999 | Snake:2  | Gained mutation: Your spells are a little harder to cast, but a little more powerful. [potion of beneficial mutation]
 26298 | Snake:2  | Reached skill level 5 in Evocations
 27374 | Snake:3  | Reached skill level 16 in Unarmed Combat
 28016 | Snake:4  | Entered Level 4 of the Snake Pit
 28220 | Snake:4  | Reached XP level 18. HP: 89/95 MP: 29/29
 28370 | Snake:4  | Reached skill level 1 in Hexes
 28928 | Snake:4  | HP: 3/95 [greater naga/orb of energy (21)]
 30106 | Snake:4  | Reached XP level 19. HP: 37/99 MP: 10/30
 30199 | Snake:4  | Reached skill level 5 in Earth Magic
 30294 | Snake:4  | Got a serpentine rune of Zot
 31013 | Lair:1   | Upgraded the game from 0.17.0-7-gfadd4cc to 0.17.0-9-g801d43b
 31158 | Swamp:1  | Entered Level 1 of the Swamp
 32055 | Swamp:1  | Reached skill level 5 in Hexes
 32650 | Swamp:3  | Reached skill level 17 in Unarmed Combat
 32735 | Swamp:3  | Noticed Kirke
 32797 | Swamp:3  | Killed Kirke
 32968 | Swamp:3  | Identified the Disquisition on the Birds and Self-Improvement
 33483 | Swamp:3  | Reached skill level 1 in Spellcasting
 33492 | Swamp:4  | Entered Level 4 of the Swamp
 33634 | Swamp:4  | Noticed Roxanne
 33654 | Swamp:4  | Killed Roxanne
 34230 | Swamp:4  | Reached XP level 20. HP: 94/105 MP: 31/31
 34425 | Swamp:4  | Noticed a bone dragon
 34441 | Swamp:4  | Killed a bone dragon
 34503 | Swamp:4  | Got a decaying rune of Zot
 34854 | Lair:1   | Learned a level 6 spell: Deflect Missiles
 34969 | Vaults:1 | Entered Level 1 of the Vaults
 35134 | Vaults:1 | Reached skill level 1 in Air Magic
 35205 | Vaults:1 | Noticed an ancient lich
 35216 | Vaults:1 | Killed an ancient lich
 36127 | Vaults:1 | Found Kus Nikeu's Distillery.
 36133 | Vaults:1 | Found Qyesmib's Gadget Emporium.
 36795 | Vaults:2 | Reached XP level 21. HP: 110/110 MP: 32/32
 36980 | Vaults:2 | Reached skill level 5 in Air Magic
 37837 | Vaults:3 | Noticed Boris
 37849 | Vaults:3 | Killed Boris
 37849 | Vaults:3 | Reached skill level 18 in Unarmed Combat
 38347 | Vaults:3 | Reached skill level 10 in Charms
 38912 | Vaults:3 | Found a staircase to the Crypt.
 38944 | Crypt:1  | Entered Level 1 of the Crypt
 39269 | Vaults:3 | Noticed Wiglaf
 39289 | Vaults:3 | Killed Wiglaf
 39618 | Vaults:4 | Reached skill level 1 in Armour
 39760 | Vaults:4 | Reached XP level 22. HP: 89/116 MP: 33/33
 40056 | Vaults:4 | Noticed Jory
 40072 | Vaults:4 | Killed Jory
 40665 | Vaults:4 | Noticed Frances
 40679 | Vaults:4 | Killed Frances
 40693 | Vaults:4 | Noticed Sojobo
 40710 | Vaults:4 | Noticed Agnes
 40731 | Vaults:4 | Mangled by an ancient champion

Action                   |  1- 3 |  4- 6 |  7- 9 | 10-12 | 13-15 | 16-18 | 19-21 | 22-24 || total
-------------------------+-------+-------+-------+-------+-------+-------+-------+-------++-------
Melee: Unarmed           |   103 |   209 |   199 |   417 |  1167 |   890 |  1222 |    82 ||  4289
 Fire: Shortbow          |       |       |    22 |    63 |    60 |    35 |       |       ||   180
       Longbow           |       |       |       |       |       |   390 |   359 |    90 ||   839
Throw: Stone             |       |     2 |     2 |       |       |       |       |       ||     4
 Cast: Infusion          |       |     3 |     1 |    15 |    18 |     3 |     3 |     1 ||    44
       Stoneskin         |       |       |       |     3 |     8 |     7 |     6 |       ||    24
       Regeneration      |       |       |       |       |    10 |    17 |    17 |     3 ||    47
       Blink             |       |       |       |       |     1 |     1 |     2 |       ||     4
       Repel Missiles    |       |       |       |       |       |    11 |     4 |       ||    15
       Leda's Liquefacti |       |       |       |       |       |       |     2 |       ||     2
Invok: Bend Time         |       |       |     3 |     2 |     7 |     7 |     9 |     2 ||    30
       Temporal Distorti |       |       |       |     1 |     2 |     5 |     2 |       ||    10
       Slouch            |       |       |       |     4 |    13 |    16 |    16 |     3 ||    52
       Step From Time    |       |       |       |       |       |     1 |     1 |       ||     2
Evoke: Wand              |       |       |       |     2 |     2 |     1 |     3 |       ||     8
  Use: Scroll            |       |       |       |    22 |    11 |     9 |     4 |     1 ||    47
       Potion            |       |       |       |       |       |     5 |     1 |       ||     6
 Stab: Sleeping          |     6 |     2 |    11 |    30 |    40 |    13 |    19 |     2 ||   123
       Distracted        |     1 |       |     1 |     2 |    15 |     5 |     6 |       ||    30
       Confused          |       |       |       |       |     2 |       |       |       ||     2
  Eat: Chunk             |       |     7 |     6 |    11 |    24 |     6 |    20 |     2 ||    76
       Bread ration      |       |       |       |     1 |     1 |     3 |     1 |       ||     6
       Meat ration       |       |       |       |       |       |     2 |     1 |       ||     3
       Fruit             |       |       |       |       |       |     2 |     1 |       ||     3
       Pizza             |       |       |       |       |       |     1 |       |       ||     1
